General information
- name: BNet
- type: Ladder team game (AT/RT)
- host: Battle.net
- saver: STAR-WARS-JEDI
map: Deadlock
- players: 8
- length: 40:54
- speed: Fast
- version: 1.26 W3XP
- replay type: Public
» download(198 KB)
Players
team 1 (winner)

»
SiShKeH (
pink | 38 APM | 1565 actions | 40:53)
5 Death Knight
2 Unholy Aura
3 Death Coil
4 Lich
2 Frost Nova
2 Frost Armor
» actions
| Assign group hotkey | 88 | |
| Basic commands | 174 | |
| Build / train | 61 | |
| Enter build submenu | 19 | |
| Enter hero's abilities submenu | 10 | |
| Right click | 824 | |
| Select / deselect | 262 | |
| Select group hotkey | 80 | |
| Use ability | 47 | |
1565 total
» units
| Acolyte | 18 | |
| Ghoul | 4 | |
| Crypt Fiend | 4 | |
| Frost Wyrm | 10 | |
| Harpy Windwitch | 1 | |
37 total
» upgrades
| Creature Attack | 3 | |
| Creature Carapace | 3 | |
| Freezing Breath | 1 | |
| Burrow | 1 | |
8 total
» buildings
| Altar of Darkness | 1 | |
| Ziggurat | 9 | |
| Crypt | 1 | |
| Graveyard | 1 | |
| Nerubian Tower | 1 | |
| Halls of the Dead | 1 | |
| Sacrificial Pit | 1 | |
| Black Citadel | 1 | |
| Boneyard | 2 | |
| Necropolis | 2 | |
20 total
» build order
00:17 Altar of Darkness
00:25 Ziggurat
00:37 Crypt
01:06 Graveyard
01:20 Ziggurat
02:14 Nerubian Tower
03:17 Halls of the Dead
05:37 Ziggurat
05:40 Ziggurat
05:54 Sacrificial Pit
05:56 Black Citadel
09:15 Boneyard
09:17 Boneyard
10:44 Ziggurat
10:50 Ziggurat
13:00 Ziggurat
14:12 Ziggurat
15:37 Ziggurat
19:12 Necropolis
19:31 Necropolis
» items
| Boots of Speed | 1 | |
| Staff of Teleportation | 1 | |
2 total

»
STAR-WARS-JEDI (
blue | 57 APM | 2335 actions | 40:54)
5 Death Knight
3 Death Coil
2 Unholy Aura
1 Pandaren Brewmaster
1 Drunken Brawler
» actions
| Assign group hotkey | 81 | |
| Basic commands | 327 | |
| Build / train | 67 | |
| Enter build submenu | 18 | |
| Enter hero's abilities submenu | 7 | |
| Give item / drop item | 4 | |
| Right click | 572 | |
| Select / deselect | 274 | |
| Select group hotkey | 910 | |
| Use ability | 75 | |
2335 total
» units
| Acolyte | 7 | |
| Ghoul | 10 | |
| Frost Wyrm | 3 | |
| Gargoyle | 8 | |
28 total
» upgrades
| Creature Attack | 3 | |
| Creature Carapace | 1 | |
| Stone Form | 1 | |
5 total
» buildings
| Crypt | 3 | |
| Ziggurat | 12 | |
| Altar of Darkness | 1 | |
| Nerubian Tower | 3 | |
| Halls of the Dead | 1 | |
| Graveyard | 1 | |
| Spirit Tower | 11 | |
| Tomb of Relics | 1 | |
| Black Citadel | 1 | |
| Sacrificial Pit | 1 | |
| Boneyard | 2 | |
37 total
» build order
00:08 Crypt
00:10 Ziggurat
00:36 Altar of Darkness
00:59 Ziggurat
01:14 Nerubian Tower
02:42 Halls of the Dead
02:49 Graveyard
02:54 Nerubian Tower
03:15 Ziggurat
03:54 Ziggurat
03:57 Ziggurat
04:15 Spirit Tower
04:15 Spirit Tower
04:20 Tomb of Relics
06:59 Ziggurat
07:00 Ziggurat
07:25 Black Citadel
07:27 Spirit Tower
07:28 Spirit Tower
09:13 Sacrificial Pit
09:16 Nerubian Tower
10:19 Ziggurat
10:19 Ziggurat
10:24 Ziggurat
10:25 Ziggurat
10:26 Ziggurat
11:19 Spirit Tower
11:22 Spirit Tower
11:25 Spirit Tower
11:25 Spirit Tower
11:26 Spirit Tower
11:26 Spirit Tower
11:57 Boneyard
12:00 Boneyard
12:04 Crypt
12:42 Crypt
» items
| Rod of Necromancy | 1 | |
| Staff of Teleportation | 3 | |
| Potion of Invisibility | 1 | |
| Potion of Lesser Invulnerability | 2 | |
| Orb of Corruption | 1 | |
| Scroll of Town Portal | 1 | |
| Scroll of Healing | 1 | |
10 total
1900EATSH1T (
red | 40 APM | 1653 actions | 40:53)
5 Demon Hunter
1 Immolation
3 Mana Burn
1 Evasion
2 Keeper of the Grove
1 Entangling Roots
1 Force of Nature
» actions
| Assign group hotkey | 51 | |
| Basic commands | 27 | |
| Build / train | 112 | |
| ESC pressed | 1 | |
| Enter build submenu | 22 | |
| Enter hero's abilities submenu | 7 | |
| Give item / drop item | 5 | |
| Right click | 470 | |
| Select / deselect | 292 | |
| Select group hotkey | 561 | |
| Use ability | 105 | |
1653 total
» units
| Wisp | 23 | |
| Archer | 23 | |
| Hippogryph | 24 | |
70 total
» upgrades
| Improved Bows | 1 | |
| Hippogryph Taming | 1 | |
| Strength of the Moon | 2 | |
| Moon Armor | 2 | |
| Strength of the Wild | 1 | |
| Marksmanship | 1 | |
8 total
» buildings
| Altar of Elders | 1 | |
| Moon Well | 9 | |
| Ancient of War | 4 | |
| Ancient of Wonders | 1 | |
| Tree of Life | 4 | |
| Tree of Ages | 1 | |
| Hunter's Hall | 1 | |
| Ancient of Wind | 2 | |
| Tree of Eternity | 1 | |
24 total
» build order
00:08 Altar of Elders
00:19 Moon Well
01:15 Ancient of War
01:29 Moon Well
01:49 Ancient of War
02:23 Moon Well
03:22 Ancient of Wonders
04:17 Tree of Life
04:53 Tree of Ages
05:01 Moon Well
05:57 Hunter's Hall
07:20 Ancient of Wind
07:24 Ancient of Wind
10:32 Moon Well
11:25 Moon Well
11:28 Moon Well
12:29 Moon Well
13:35 Moon Well
14:31 Tree of Eternity
19:22 Tree of Life
20:18 Ancient of War
20:23 Ancient of War
21:23 Tree of Life
25:19 Tree of Life
» items
| Potion of Healing | 10 | |
| Dust of Appearance | 2 | |
| Scroll of Town Portal | 3 | |
| Orb of Corruption | 1 | |
16 total
asianoodles (
purple | 45 APM | 1854 actions | 40:53)
5 Demon Hunter
3 Mana Burn
2 Evasion
» actions
| Assign group hotkey | 49 | |
| Basic commands | 14 | |
| Build / train | 64 | |
| Enter build submenu | 18 | |
| Enter hero's abilities submenu | 5 | |
| Remove unit from queue | 1 | |
| Right click | 1087 | |
| Select / deselect | 380 | |
| Select group hotkey | 117 | |
| Use ability | 118 | |
1854 total
» units
| Wisp | 19 | |
| Huntress | 6 | |
| Razormane Medicine Man | 1 | |
| Druid of the Claw | 19 | |
45 total
» upgrades
| Strength of the Moon | 1 | |
| Reinforced Hides | 3 | |
| Strength of the Wild | 3 | |
| Druid of the Claw Training | 2 | |
| Mark of the Claw | 1 | |
10 total
» buildings
| Altar of Elders | 1 | |
| Moon Well | 7 | |
| Ancient of War | 1 | |
| Hunter's Hall | 1 | |
| Ancient Protector | 1 | |
| Tree of Ages | 1 | |
| Ancient of Wonders | 1 | |
| Ancient of Lore | 4 | |
| Tree of Life | 2 | |
| Tree of Eternity | 1 | |
20 total
» build order
00:13 Altar of Elders
00:24 Moon Well
00:53 Ancient of War
01:42 Hunter's Hall
02:07 Moon Well
02:47 Ancient Protector
03:31 Moon Well
05:06 Tree of Ages
05:46 Ancient of Wonders
08:12 Ancient of Lore
08:13 Ancient of Lore
08:20 Ancient of Lore
08:25 Ancient of Lore
08:41 Moon Well
09:18 Tree of Life
09:19 Tree of Eternity
11:52 Moon Well
12:12 Tree of Life
13:42 Moon Well
19:36 Moon Well
team 2 (loser)
Blademaster-poo (
orange | 48 APM | 249 actions | 05:09)
1 Priestess of the Moon
1 Searing Arrows
» actions
| Build / train | 22 | |
| Enter build submenu | 10 | |
| Enter hero's abilities submenu | 1 | |
| Right click | 90 | |
| Select / deselect | 116 | |
| Use ability | 10 | |
249 total
» units
» buildings
| Altar of Elders | 1 | |
| Moon Well | 3 | |
| Ancient of War | 2 | |
| Ancient of Wonders | 1 | |
| Hunter's Hall | 1 | |
| Tree of Ages | 2 | |
10 total
» build order
00:07 Altar of Elders
00:27 Moon Well
01:07 Ancient of War
01:35 Moon Well
01:51 Ancient of Wonders
02:37 Hunter's Hall
03:06 Moon Well
04:20 Ancient of War
04:23 Tree of Ages
» items

»
HighRoller10 (
teal | 86 APM | 1356 actions | 15:42)
3 Blademaster
2 Wind Walk
1 Critical Strike
3 Far Seer
2 Chain Lighting
1 Feral Spirit
» actions
| Assign group hotkey | 32 | |
| Build / train | 56 | |
| Enter build submenu | 20 | |
| Enter hero's abilities submenu | 6 | |
| Right click | 520 | |
| Select / deselect | 257 | |
| Select group hotkey | 409 | |
| Use ability | 56 | |
1356 total
» units
| Peon | 8 | |
| Grunt | 20 | |
| Troll Headhunter/Berserker | 8 | |
| Troll Batrider | 4 | |
40 total
» upgrades
» buildings
| Altar of Storms | 1 | |
| Orc Burrow | 10 | |
| Barracks | 3 | |
| Voodoo Lounge | 1 | |
| War Mill | 2 | |
| Stronghold | 2 | |
| Beastiary | 2 | |
21 total
» build order
00:10 Altar of Storms
00:21 Orc Burrow
01:00 Barracks
01:54 Orc Burrow
02:31 Voodoo Lounge
02:54 Orc Burrow
04:15 Barracks
04:47 Orc Burrow
05:34 Orc Burrow
05:37 Orc Burrow
05:46 Orc Burrow
06:12 War Mill
07:25 Barracks
07:36 Orc Burrow
08:00 Stronghold
09:04 War Mill
10:06 Stronghold
10:37 Beastiary
10:39 Beastiary
12:26 Orc Burrow
12:26 Orc Burrow
» items
| Healing Salve | 2 | |
| Scroll of Town Portal | 2 | |
4 total
Mysogonist (
green | 27 APM | 101 actions | 03:40)
1 Far Seer
1 Feral Spirit
» actions
| Basic commands | 1 | |
| Build / train | 16 | |
| Enter build submenu | 5 | |
| Enter hero's abilities submenu | 1 | |
| Right click | 42 | |
| Select / deselect | 30 | |
| Use ability | 6 | |
101 total
» units
» upgrades
» buildings
| Orc Burrow | 2 | |
| Altar of Storms | 1 | |
| Barracks | 1 | |
| Voodoo Lounge | 1 | |
5 total
» build order
00:36 Orc Burrow
00:40 Altar of Storms
01:05 Barracks
01:28 Orc Burrow
02:10 Voodoo Lounge

»
RUN.THE.TRAP (
yellow | 35 APM | 1419 actions | 40:53)
4 Archmage
2 Summon Water Elemental
2 Brilliance Aura
2 Priestess of the Moon
2 Trueshot Aura
3 Paladin
2 Devotion Aura
1 Holy Light
1 Keeper of the Grove
1 Thorns Aura
» actions
| Basic commands | 20 | |
| Build / train | 123 | |
| Enter build submenu | 36 | |
| Enter hero's abilities submenu | 10 | |
| Give item / drop item | 3 | |
| Remove unit from queue | 10 | |
| Right click | 524 | |
| Select / deselect | 577 | |
| Use ability | 116 | |
1419 total
» units
| Peasant | 9 | |
| Footman | 11 | |
| Huntress | 6 | |
| Mortar Team | 6 | |
| Priest | 7 | |
| Spell Breaker | 5 | |
| Troll Batrider | 10 | |
| Sorceress | 1 | |
| Rifleman | 7 | |
62 total
» upgrades
| Defend | 1 | |
| Plating | 2 | |
| Lumber Harvesting | 1 | |
| Long Rifles | 1 | |
| Strength of the Moon | 2 | |
| Moon Armor | 2 | |
| Flare | 1 | |
| Upgrade Moon Glaive | 1 | |
| Ultravision | 1 | |
| Magic Sentry | 1 | |
| Masonry | 1 | |
14 total
» buildings
| Altar of Kings | 1 | |
| Barracks | 3 | |
| Farm | 14 | |
| Arcane Vault | 1 | |
| Keep | 1 | |
| Blacksmith | 1 | |
| Lumber Mill | 1 | |
| Moon Well | 3 | |
| Workshop | 1 | |
| Guard Tower | 7 | |
| Tree of Eternity | 1 | |
| Arcane Sanctum | 1 | |
| Arcane Tower | 1 | |
| Orc Burrow | 1 | |
| Scout Tower | 4 | |
| Town Hall | 1 | |
42 total
» build order
00:18 Altar of Kings
00:22 Barracks
00:48 Farm
01:01 Farm
01:51 Farm
02:31 Farm
03:25 Arcane Vault
05:28 Keep
05:31 Blacksmith
05:37 Lumber Mill
05:50 Moon Well
08:46 Workshop
09:01 Guard Tower
09:14 Tree of Eternity
09:17 Moon Well
10:27 Arcane Sanctum
10:54 Guard Tower
11:07 Guard Tower
11:19 Farm
11:23 Arcane Tower
12:00 Moon Well
12:09 Farm
13:46 Farm
14:22 Farm
15:11 Farm
15:34 Farm
15:39 Farm
16:04 Orc Burrow
17:52 Farm
19:10 Scout Tower
19:14 Scout Tower
19:49 Guard Tower
20:00 Farm
20:12 Guard Tower
20:16 Scout Tower
20:20 Farm
21:23 Scout Tower
21:29 Guard Tower
21:58 Guard Tower
31:01 Town Hall
40:06 Barracks
40:08 Barracks
» items
| Scroll of Regeneration | 2 | |
| Lesser Clarity Potion | 2 | |
| Ivory Tower | 8 | |
| Scroll of Town Portal | 1 | |
13 total
Chat log
(00:28 / All) STAR-WARS-JEDI: we have a level 20, 2x as much as ur highest level
(00:31 / All) STAR-WARS-JEDI: GG we win
(00:37 / All) RUN.THE.TRAP: lmfao
(00:41 / Allies) asianoodles: im pretty bad
(00:42 / Allies) asianoodles: lol
(00:47 / All) 1900EATSH1T: i blow
(00:51 / All) RUN.THE.TRAP: same
(00:53 / All) RUN.THE.TRAP: QQ
(03:44 / All) STAR-WARS-JEDI: lol
(03:49 / All) STAR-WARS-JEDI: creepjacked him and h eleft
(04:00 / Allies) asianoodles: lol
(05:18 / All) RUN.THE.TRAP: lmfao
(05:22 / All) STAR-WARS-JEDI: babies
(05:24 / All) RUN.THE.TRAP: these fucking noobs these days
(05:58 / All) STAR-WARS-JEDI: whats run the trap mean?
(06:08 / All) RUN.THE.TRAP: lol
(06:11 / All) RUN.THE.TRAP: likie...
(06:13 / All) RUN.THE.TRAP: like*
(06:17 / All) RUN.THE.TRAP: a music reference
(06:21 / All) RUN.THE.TRAP: trap music
(06:26 / All) STAR-WARS-JEDI: rap u mean
(06:30 / All) RUN.THE.TRAP: no
(06:35 / All) STAR-WARS-JEDI: the hell is trap
(06:37 / All) asianoodles: baauer
(06:41 / All) RUN.THE.TRAP: yeaah
(06:43 / All) RUN.THE.TRAP: luminox
(06:44 / All) RUN.THE.TRAP: run dmt
(06:47 / All) RUN.THE.TRAP: huglife
(06:52 / All) STAR-WARS-JEDI: bauer like jack bauer from 24
(07:00 / All) RUN.THE.TRAP: baauer
(07:02 / All) RUN.THE.TRAP: 2 as
(07:06 / All) RUN.THE.TRAP: these are edm djs
(07:11 / All) RUN.THE.TRAP: im booking a show in april
(07:13 / All) RUN.THE.TRAP: on 420
(07:14 / All) RUN.THE.TRAP: in atlanta
(07:19 / All) RUN.THE.TRAP: wtih luminox huglife and run dmt
(07:26 / All) RUN.THE.TRAP: all green everything
(07:28 / All) RUN.THE.TRAP: fb
(07:44 / All) SiShKeH: greedisgood
(07:49 / All) RUN.THE.TRAP: lol
(08:29 / All) RUN.THE.TRAP: sweet jesus
(09:36 / Allies) SiShKeH: oops
(09:37 / Allies) SiShKeH: afkd
(10:13 / Allies) SiShKeH: dafuk
(10:21 / Allies) asianoodles: i dont wanna go up top
(10:23 / Allies) asianoodles: -_-
(10:25 / Allies) asianoodles: fine
(10:45 / All) STAR-WARS-JEDI: u guys are fighting valiantly
(10:56 / All) RUN.THE.TRAP: LOL
(11:00 / All) RUN.THE.TRAP: well thanks
(12:07 / All) STAR-WARS-JEDI: wood
(12:14 / All) RUN.THE.TRAP: i would if i could dawg
(12:17 / All) RUN.THE.TRAP: i got plenty
(14:06 / All) RUN.THE.TRAP: hola
(14:21 / Allies) asianoodles: lets go pink
(15:23 / All) RUN.THE.TRAP: eh
(16:50 / All) RUN.THE.TRAP: lmao
(17:01 / Allies) asianoodles: wow
(17:05 / Allies) asianoodles: was not paying attention
(17:22 / All) STAR-WARS-JEDI: i got yo back
(18:12 / Allies) 1900EATSH1T: blue is gay
(18:54 / All) STAR-WARS-JEDI: tower up for me
(18:55 / All) STAR-WARS-JEDI: yell
(21:41 / All) RUN.THE.TRAP: gold?
(21:45 / All) STAR-WARS-JEDI: im fine
(21:47 / All) STAR-WARS-JEDI: what u got
(21:50 / All) RUN.THE.TRAP: i need it lmao
(22:13 / All) RUN.THE.TRAP: hurry up lol
(22:19 / All) RUN.THE.TRAP: i just want the final battle
(22:30 / All) asianoodles: its the final countdown
(23:02 / All) STAR-WARS-JEDI: coming
(23:23 / All) RUN.THE.TRAP: well purp failed
(23:27 / Allies) asianoodles: lol
(23:31 / All) asianoodles: just wanted it to end
(23:35 / All) RUN.THE.TRAP: =p
(23:55 / Allies) SiShKeH: really blue
(23:59 / All) STAR-WARS-JEDI: lol
(24:01 / All) STAR-WARS-JEDI: pink is
(24:02 / All) STAR-WARS-JEDI: a nigger
(24:44 / All) STAR-WARS-JEDI: just tower an dexpo
(24:50 / All) RUN.THE.TRAP: no gold
(24:56 / All) STAR-WARS-JEDI: we're fine
(25:05 / Allies) asianoodles: wow
(25:06 / Allies) asianoodles: dude
(26:31 / Allies) asianoodles: gold?
(27:10 / All) RUN.THE.TRAP: QQ
(27:43 / All) STAR-WARS-JEDI: im cleaning up shit
(27:43 / All) SiShKeH: blues enjoying himself lloll
(27:45 / All) STAR-WARS-JEDI: they almost dead
(27:50 / All) RUN.THE.TRAP: lollll
(28:59 / All) STAR-WARS-JEDI: yea
(29:01 / All) STAR-WARS-JEDI: they are ptty much dead
(29:03 / All) STAR-WARS-JEDI: just one red dh
(29:16 / All) RUN.THE.TRAP: lool\
(29:32 / All) STAR-WARS-JEDI: u did well
(29:34 / Allies) asianoodles: im coming
(29:35 / All) STAR-WARS-JEDI: towering
(29:48 / All) RUN.THE.TRAP: typical human bs
(29:50 / All) RUN.THE.TRAP: lol
(29:57 / All) RUN.THE.TRAP: i have no aa
(30:00 / All) STAR-WARS-JEDI: its fine
(30:04 / All) STAR-WARS-JEDI: ill unsummon my base
(30:06 / All) STAR-WARS-JEDI: after htey are completely dead
(30:10 / All) RUN.THE.TRAP: well a few bats in the back of my base;)
(30:14 / All) RUN.THE.TRAP: lol
(30:27 / All) SiShKeH: where u ganna blow him
(30:30 / All) STAR-WARS-JEDI: lol
(30:45 / All) STAR-WARS-JEDI: 4v4 is survival of the fittest pink
(30:52 / All) asianoodles: no
(30:58 / All) asianoodles: its the survival of 4
(31:01 / All) asianoodles: hence 4v4
(31:09 / All) STAR-WARS-JEDI: how so
(31:13 / All) STAR-WARS-JEDI: its 2v3
(31:15 / All) STAR-WARS-JEDI: yellow is on my side
(31:21 / All) STAR-WARS-JEDI: unoffically
(32:02 / All) SiShKeH: my hero is alive u fuckers
(32:10 / All) RUN.THE.TRAP: bring it
(32:17 / All) RUN.THE.TRAP: top middle base of map
(32:51 / All) STAR-WARS-JEDI: i got ur hall
(32:58 / All) SiShKeH: NEVER
(33:16 / All) STAR-WARS-JEDI: lucky ass
(33:57 / All) STAR-WARS-JEDI: these allies
(33:59 / All) STAR-WARS-JEDI: of mine
(34:00 / All) STAR-WARS-JEDI: just wont quit
(34:12 / All) STAR-WARS-JEDI: they are fighting to the last ghoul
(34:20 / All) RUN.THE.TRAP: lol
(34:35 / All) SiShKeH: gdamnit
(34:37 / All) SiShKeH: not even 1 hit
(34:43 / All) SiShKeH: gold me
(34:47 / All) STAR-WARS-JEDI: nothing personal
(34:50 / All) STAR-WARS-JEDI: purple pink and red
(34:52 / All) STAR-WARS-JEDI: i like yellow
(35:09 / All) STAR-WARS-JEDI: this is strictly business
(35:19 / All) SiShKeH: game imo
(35:21 / All) STAR-WARS-JEDI: coming yellow
(35:22 / All) STAR-WARS-JEDI: !
(36:01 / All) SiShKeH: nevar
(36:15 / All) SiShKeH: BAHAHA 1 GHOUL LEFT
(37:05 / All) SiShKeH: fucker
(37:09 / All) STAR-WARS-JEDI: lawl
(37:12 / All) STAR-WARS-JEDI: for the glory of rome
(37:33 / All) RUN.THE.TRAP: ssry
(37:39 / All) STAR-WARS-JEDI: die harpy windwitch
(37:43 / All) SiShKeH: FUCK U
(37:51 / All) SiShKeH: NOT BY U
(37:57 / All) STAR-WARS-JEDI: LOL
(38:12 / All) RUN.THE.TRAP: lol....
(38:14 / All) STAR-WARS-JEDI: i was in the vicinity so i get credit for kill
(38:29 / All) STAR-WARS-JEDI: one building left
(38:39 / All) STAR-WARS-JEDI: any last words gentlemen?
(38:39 / All) SiShKeH: fight him for it..
(39:12 / All) RUN.THE.TRAP: i havent even done anyhting all game..
(39:22 / All) STAR-WARS-JEDI: i dont remember seeing ur army
(39:26 / All) STAR-WARS-JEDI: early on
(39:56 / All) STAR-WARS-JEDI: let me try trapping ur hero with gargs
(40:41 / All) STAR-WARS-JEDI: red should have gave me wood
(40:43 / All) STAR-WARS-JEDI: i asked for it
(40:44 / All) STAR-WARS-JEDI: he